 Dungeon Crawl Stone Soup version 0.19.0-2-gae57169 (webtiles) character file.

200 mopl the Charlatan (level 5, -1/36 HPs)
             Began as a High Elf Artificer on Nov 5, 2016.
             Was a Believer of Makhleb.
             Succumbed to an orc wizard's poison
             ... on level 4 of the Dungeon.
             The game lasted 00:05:19 (3100 turns).

mopl the Charlatan (High Elf Artificer)             Turns: 3100, Time: 00:05:20

Health: -1/36      AC:  5    Str: 11    XL:     5   Next: 48%
Magic:  9/9        EV: 13    Int: 15    God:    Makhleb [**....]
Gold:   225        SH:  0    Dex: 16    Spells: 0 memorised, 4 levels left

rFire  . . .     SeeInvis .     a - +2 short sword (drain)
rCold  . . .     Gourm    .     b - +0 leather armour
rNeg   . . .     Faith    .     (no shield)
rPois  .         Spirit   .     r - +0 helmet
rElec  .         Reflect  .     (no cloak)
rCorr  .         Harm     .     i - +0 pair of gloves
MR     .....                    (no boots)
Stlth  ..........               (no amulet)
                                (no ring)
                                p - ring of loudness (curse)

@: lethally poisoned (-1 -> -32), drained
A: no striking features
a: Minor Destruction, Renounce Religion


You were on level 4 of the Dungeon.
You worshipped Makhleb.
Makhleb was pleased with you.
You were not hungry.

You visited 1 branch of the dungeon, and saw 4 of its levels.

You collected 225 gold pieces.

Inventory:

Hand Weapons
 a - a +2 short sword of draining (weapon)
Missiles
 o - 2 needles of sleeping
 x - 25 poisoned needles
Armour
 b - a +0 leather armour (worn)
 i - a +0 pair of gloves (worn)
 r - a +0 helmet (worn)
 z - a cursed +0 robe
 A - a +0 plate armour
 B - a +1 large shield of protection
Jewellery
 p - a cursed ring of loudness (left hand)
 w - an uncursed ring of fire
Wands
 c - a wand of flame (14/48)
 d - a wand of enslavement (15/24)
 e - a wand of random effects (14/48)
Scrolls
 g - a scroll of random uselessness {unknown}
 j - a scroll of enchant armour {unknown}
 k - a scroll of enchant weapon {unknown}
 l - a scroll of identify {unknown}
 n - a scroll of fear {unknown}
 s - a scroll of noise {unknown}
 y - a scroll of blinking {unknown}
Potions
 h - a potion of berserk rage {unknown}
 m - 2 potions of curing {unknown}
 q - a potion of lignification {unknown}
 t - a potion of degeneration {unknown}
 u - a potion of magic {unknown}
 v - a potion of haste {unknown}
Comestibles
 f - 5 bread rations


   Skills:
 + Level 3.1(2.5) Fighting
 - Level 1.2(0.6) Short Blades
 + Level 4.1(3.4) Dodging
 - Level 1.1(0.5) Stealth
 + Level 4.3(3.7) Evocations


You had 4 spell levels left.
You didn't know any spells.

Dungeon Overview and Level Annotations

Branches:
Dungeon (4/15)
 Temple: D:4-7

Altars:
Fedhas
Makhleb

Annotations:
D:3 Xiguana's ghost, amateur HESk


Message History

You closely miss the orc wizard.
The orc wizard is severely wounded.
You feel sick.
The orc wizard hits you but does no damage.
You are more poisoned.
You puncture the orc wizard!
You kill the orc wizard!
Makhleb accepts your kill.
You feel better.
You feel very sick.
You barely miss the orc.
You feel very sick. The orc hits you with a morningstar!
* * * LOW HITPOINT WARNING * * *
You are too injured to fight recklessly!
You are too injured to fight recklessly!
You are too injured to fight recklessly!
* * * LOW HITPOINT WARNING * * *
You feel sick.
You die...

.###. ....
...# ...
##.. #..
#.###
#####.o.#
#...@.#)#
#(###.#oo.#
#.# #.##.##
#.# #.# .#
#.. ... .#
#.. ..# ##
... ..#
#.....#


You could see an orc.

Vanquished Creatures
  2 orc wizards
  7 adders
  2 oozes
  3 worms
  A leopard gecko (D:1)
  3 orcs
  8 bats
  A giant cockroach (D:2)
  7 hobgoblins
  3 jackals (D:3)
  3 quokkas (D:3)
  A ball python (D:3)
  5 frilled lizards
  6 goblins
  11 kobolds
  3 rats (D:3)
66 creatures vanquished.

Notes
Turn   | Place    | Note
-------+----------+-------------------------------------------
     0 | D:1      | mopl the High Elf Artificer began the quest for the Orb.
     0 | D:1      | Reached XP level 1. HP: 13/13 MP: 4/4
   458 | D:1      | Reached XP level 2. HP: 10/18 MP: 5/5
  1163 | D:1      | Reached XP level 3. HP: 23/23 MP: 6/6
  1280 | D:2      | Reached skill level 3 in Dodging
  1487 | D:2      | Found a faded altar of an unknown god.
  1502 | D:2      | Reached skill level 2 in Fighting
  1513 | D:2      | Became a worshipper of Makhleb the Destroyer
  1513 | D:2      | Reached * piety under Makhleb
  1582 | D:2      | Found a blossoming altar of Fedhas.
  1736 | D:2      | Reached XP level 4. HP: 27/29 MP: 7/7
  2160 | D:3      | Reached skill level 4 in Evocations
  2207 | D:3      | Noticed Xiguana's ghost (amateur HESk)
  2222 | D:3      | Reached skill level 3 in Fighting
  2222 | D:3      | Reached XP level 5. HP: 16/36 MP: 9/9
  2468 | D:3      | Reached ** piety under Makhleb
  3074 | D:3      | Reached skill level 4 in Dodging
  3100 | D:4      | Succumbed to an orc wizard's poison

Skill      XL: |  1  2  3  4  5 |
---------------+----------------+-----
Dodging        | 3 4 |  4.1
Fighting       | 2 3 |  3.1
Evocations     | 4 |  4.3
Short Blades   | |  1.2
Stealth        | |  1.1

Action                   |  1- 3 |  4- 6 || total
-------------------------+-------+-------++-------
Melee: Short sword       |    90 |   101 ||   191
Evoke: Wand              |     2 |       ||     2
 Stab: Sleeping          |     1 |       ||     1
  Eat: Chunk             |     3 |     4 ||     7
Armor: Leather armour    |    24 |    26 ||    50
Dodge: Dodged            |    57 |    66 ||   123
